[Event "*** Titled Tuesday Blitz"]
[Site "Chess.com"]
[Date "2021.03.09"]
[Round "2"]
[White "Blitzking642"]
[Black "alexrustemov"]
[Result "0-1"]
[WhiteElo "2408"]
[BlackElo "2762"]
[TimeControl "180+1"]
[EndTime "10:18:35 PST"]
[Termination "alexrustemov won by resignation"]

1. c4 c5 2. Nc3 g6 3. g3 Bg7 4. Bg2 Nc6 5. Nf3 b6 6. O-O Bb7 7. e3 Bxc3 8. bxc3 d6 9. d4 Qc7 10. Nd2 Nf6 11. Bb2 Nd7 12. e4 e5 13.
f4 O-O 14. f5 f6 15. fxg6 hxg6 16. Qg4 Kg7 17. Rf2 Rf7 18. Raf1 Rh8 19. Nf3 Bc8 20. Nh4 Nf8 21. Nf5+ Kg8 22. Bc1 Rfh7 23. h4 Na5 24. Bh3 Bd7 25. Qe2 gxf5 26. Bxf5 Rg7 27. Bxd7 Nxd7 28.
Rf3 cxd4 29. cxd4 Qxc4 30. Qh2 Qxd4+ 31. Be3 Qxe4 32. Qh3 f5 33. Bg5 Rxg5 0-1

[Event "*** Titled Tuesday Blitz"]
[Site "Chess.com"]
[Date "2021.03.09"]
[Round "2"]
[White "GoltsevDmitry2000"]
[Black "adriangschnitzer"]
[Result "1-0"]
[WhiteElo "2719"]
[BlackElo "2498"]
[TimeControl "180+1"]
[EndTime "10:18:37 PST"]
[Termination "GoltsevDmitry2000 won by resignation"]

1. e4 c5 2. Nf3 Nc6 3. d4 cxd4 4. Nxd4 g6 5. Nc3 Bg7 6. Nb3 Nf6 7. Be2 O-O 8. O-O d6 9. Be3 a6 10. a4 Be6 11. f4 Rc8 12. f5 Bxb3 13. cxb3 Ne5 14. Rc1 Qa5 15. Qd2 Qb4 16. Nd5 Nxd5 17. Qxd5 Rc6 18. fxg6 hxg6 19. Rxc6 bxc6 20. Qd2 Qxe4 21.
Bxa6 Ng4 22. Bf4 Bd4+ 23. Kh1 e5 24. Bd3 Qd5 25. Bc4 Qe4 26. Bg3 d5 27. Bd3 Qe3 28.
Qxe3 Nxe3 29. Rc1 c5 30. a5 Ra8 31. a6 f5 32. Bb5 f4 33. Be1 Ra7 34. Ba5 c4 35.
bxc4 dxc4 36. Rb1 Bc5 37. b4 cxb3 38. Rxb3 Kf8 39. Rc3 Bd4 40. Rc8+ Ke7 41. Bc7 e4 42. Bb8 Ra8 43. Bd6+ Kxd6 44. Rxa8 f3 45. gxf3 exf3 46. Rf8 Nf5 47. Bd3 Kc7 48. Bxf5 gxf5 49. Rxf5 f2 50. h4 Kb6 51. Kg2 1-0

[Event "*** Titled Tuesday Blitz"]
[Site "Chess.com"]
[Date "2021.03.09"]
[Round "2"]
[White "Khnykin_Nikolay"]
[Black "onnoelgersma"]
[Result "0-1"]
[WhiteElo "2058"]
[BlackElo "2389"]
[TimeControl "180+1"]
[EndTime "10:18:38 PST"]
[Termination "onnoelgersma won on time"]

1. d4 d5 2. Nf3 Bg4 3. e3 e6 4. Be2 Nf6 5. Nc3 c5 6. b3 Nc6 7.
Bb2 Rc8 8. O-O cxd4 9. Nxd4 Nxd4 10. exd4 Bf5 11. Bb5+ Nd7 12. Bd3 Bg6 13. a4 a6 14.
Ne2 Be7 15. Nf4 Bd6 16. Qf3 Qf6 17. g3 Bxf4 18. Qxf4 Qxf4 19. gxf4 Bxd3 20. cxd3 Ke7 21. Rac1 Kf6 22. f3 Kf5 23. Kg2 Kxf4 24. Kf2 Kf5 25. h3 h6 26. Bc3 g5 27. Bd2 Nb8 0-1

[Event "*** Titled Tuesday Blitz"]
[Site "Chess.com"]
[Date "2021.03.09"]
[Round "2"]
[White "AbdulovOrkhan"]
[Black "frederiksvane"]
[Result "0-1"]
[WhiteElo "2381"]
[BlackElo "2650"]
[TimeControl "180+1"]
[EndTime "10:18:39 PST"]
[Termination "frederiksvane won by resignation"]

1. e4 c5 2. Nf3 g6 3. c3 d5 4.
e5 Nc6 5. d4 cxd4 6. cxd4 Bg4 7.
Be2 Nh6 8. Nc3 Nf5 9. Ng1 Bxe2 10. Ngxe2 Bg7 11. Qb3 Ncxd4 12. Nxd4 Nxd4 13. Qa4+ Nc6 14. f4 O-O 15. O-O Qb6+ 16. Kh1 e6 17. b3 Rfc8 18.
Nb5 a6 19. Nd6 Rd8 20. Ba3 Qa7 21. b4 Rxd6 22. exd6 Bxa1 23. Rxa1 Qd4 24. Rf1 Qc4 25. Rc1 Qxf4 26. h3 Rd8 27. Qb3 Nd4 28. Qc3 Ne2 29.
Qc7 Qxd6 30. Qxd6 Rxd6 31. Rc8+ Kg7 32. Bb2+ d4 33. Rc7 b5 34. Rc2 Nf4 35. Kg1 e5 36.
Kf1 Nd3 37. Ba1 Nxb4 0-1

[Event "*** Titled Tuesday Blitz"]
[Site "Chess.com"]
[Date "2021.03.09"]
[Round "2"]
[White "mary-sanna"]
[Black "Unknown_IM"]
[Result "0-1"]
[WhiteElo "2061"]
[BlackElo "2393"]
[TimeControl "180+1"]
[EndTime "10:18:39 PST"]
[Termination "Unknown_IM won on time"]

1. d4 Nf6 2. Bf4 d5 3. e3 c6 4. c3 Qb6 5. Qb3 Bf5 6. Nf3 Nbd7 7. Nbd2 h6 8. c4 e6 9. c5 Qxb3 10. axb3 Be7 11. b4 O-O 12. b5 Ne4 13. h3 f6 14.
bxc6 bxc6 15. Ba6 e5 16. dxe5 Ndxc5 17. exf6 Bxf6 18. Nxe4 dxe4 19. Bc4+ Kh8 20. Nd4 Bxd4 21. exd4 Nd3+ 22. Bxd3 exd3 23. Be5 c5 24. dxc5 Rfe8 25. f4 Rac8 26. b4 Rb8 27. Kd2 Rxb4 28. Rxa7 Rc8 29. Rxg7 Rxc5 30. Rc7+ Rxe5 31. fxe5 Rb2+ 32. Ke3 Rxg2 33.
Ra1 Re2+ 34. Kf4 Be4 35. Rb1 Bd5 36. Rb8+ Bg8 37. Rcc8 Rg2 38. Kf3 Rg5 0-1

[Event "*** Titled Tuesday Blitz"]
[Site "Chess.com"]
[Date "2021.03.09"]
[Round "2"]
[White "ErikRonka"]
[Black "attack2mateU"]
[Result "0-1"]
[WhiteElo "2399"]
[BlackElo "2727"]
[TimeControl "180+1"]
[EndTime "10:18:40 PST"]
[Termination "attack2mateU won by resignation"]

1. d4 Nf6 2. c4 g6 3. Nc3 d5 4.
Bf4 Bg7 5. Rc1 Nh5 6. Bg5 h6 7. Bh4 c5 8. e3 cxd4 9. exd4 dxc4 10. Bxc4 O-O 11. Nge2 Nc6 12. d5 Ne5 13. Bb3 Bf5 14. Bc2 Bxc2 15. Rxc2 Qd7 16. O-O Rfe8 17. Bg3 Nxg3 18. Nxg3 b5 19. a3 a5 20. f4 Nc4 21. Qf3 b4 22. axb4 axb4 23. Nce4 Nd6 24. f5 Nxf5 25. Nxf5 Qxf5 26. Qxf5 gxf5 27. Rxf5 Ra2 28. Rc5 Bd4+ 29. Kf1 Bxc5 30. Nxc5 Rxb2 31. Nd7 Ra8 0-1

[Event "*** Titled Tuesday Blitz"]
[Site "Chess.com"]
[Date "2021.03.09"]
[Round "2"]
[White "poneis_malditos"]
[Black "GMBenjaminFinegold"]
[Result "0-1"]
[WhiteElo "2323"]
[BlackElo "2609"]
[TimeControl "180+1"]
[EndTime "10:18:41 PST"]
[Termination "GMBenjaminFinegold won by checkmate"]

1. e4 c5 2. Nc3 Nc6 3. g3 h5 4.
h3 h4 5. g4 e5 6. Bg2 Nge7 7. d3 Ng6 8. Nge2 Be7 9. Nd5 O-O 10.
c3 Bg5 11. O-O d6 12. f4 exf4 13. Bxf4 Nxf4 14. Nexf4 Be6 15. Ne3 g6 16. Kh1 Qd7 17. d4 cxd4 18. cxd4 Rac8 19. d5 Ne5 20. dxe6 fxe6 21.
Nd3 Rxf1+ 22. Bxf1 Qf7 23. Nxe5 dxe5 24. Nc4 Qf2 25.
Qe2 Qg3 26. Qg2 Qf4 27. Be2 b5 28. Rf1 Qg3 29. Qxg3 hxg3 30. Nxe5 Rc2 31. Re1 Bd2 32. Rd1 Bf4 33. Nxg6 Be3 34. Rd3 Rxe2 35. Ne5 Rh2# 0-1

[Event "*** Titled Tuesday Blitz"]
[Site "Chess.com"]
[Date "2021.03.09"]
[Round "2"]
[White "chesslh19"]
[Black "Bodnar_Mykola"]
[Result "0-1"]
[WhiteElo "2285"]
[BlackElo "2499"]
[TimeControl "180+1"]
[EndTime "10:18:41 PST"]
[Termination "Bodnar_Mykola won by checkmate"]

1. e4 e5 2. Nf3 Nc6 3. Bb5 a6 4. Bxc6 dxc6 5. O-O Bg4 6. h3 h5 7.
d3 Qf6 8. Nbd2 Ne7 9. Re1 Ng6 10.
d4 O-O-O 11. hxg4 hxg4 12. Nh2 g3 13. fxg3 Rxd4 14. Qf3 Bc5 15. Qxf6 gxf6 16. Kh1 Rdd8 17. Nf1 Bf2 18. Re2 Bxg3 19. Be3 Nf4 20. Rd2 Rxd2 21. Bxd2 Ne2 22. Be3 Bxh2 23. Nxh2 Ng3+ 24. Kg1 Nxe4 25. Nf1 f5 26. Re1 Kd7 27. Nd2 Ng3 28. Bf2 Rh1# 0-1

[Event "*** Titled Tuesday Blitz"]
[Site "Chess.com"]
[Date "2021.03.09"]
[Round "2"]
[White "yoelpolanco"]
[Black "Niktlt"]
[Result "0-1"]
[WhiteElo "2192"]
[BlackElo "2431"]
[TimeControl "180+1"]
[EndTime "10:18:41 PST"]
[Termination "Niktlt won on time"]

1. d4 Nf6 2. Nf3 g6 3. c4 Bg7 4.
Nc3 O-O 5. e4 d6 6. Be2 Nbd7 7.
O-O e5 8. d5 Nc5 9. Nd2 a5 10.
Qc2 Bh6 11. Nb3 Bxc1 12. Raxc1 b6 13. Nxc5 dxc5 14. Qd3 Ne8 15. Qg3 Qe7 16. a4 Nd6 17. b3 f5 18. f4 exf4 19. Rxf4 Bd7 20. exf5 Nxf5 21. Qd3 Nd4 22. Rcf1 Rxf4 23. Rxf4 Bf5 24. Qd2 Nxb3 25. d6 Qxd6 26. Qxd6 cxd6 27. Nd5 Nd4 28. Bf1 Kg7 29. Nxb6 Rb8 30. Nd5 Rb1 31. Kf2 Rb2+ 32. Kg1 Ra2 33. g4 Be6 34. Nc7 Bf7 35. h4 Rxa4 36. h5 gxh5 37. gxh5 Bxh5 38. Bd3 Ra2 39.
Kf1 Bg6 40. Bxg6 Kxg6 41. Ne8 Nf5 42. Rg4+ Kf7 43. Nc7 Ne3+ 0-1

[Event "*** Titled Tuesday Blitz"]
[Site "Chess.com"]
[Date "2021.03.09"]
[Round "2"]
[White "Elshan1985"]
[Black "andriipalchuk"]
[Result "1/2-1/2"]
[WhiteElo "2879"]
[BlackElo "2560"]
[TimeControl "180+1"]
[EndTime "10:18:42 PST"]
[Termination "Game drawn by repetition"]

1. d4 Nf6 2. c4 e6 3. Nc3 Bb4 4. Qc2 d5 5. a3 Bxc3+ 6. Qxc3 dxc4 7. Qxc4 b6 8. Bf4 Ba6 9. Qa4+ c6 10. Bxb8 Bb5 11. Qc2 Rxb8 12. a4 Ba6 13. Qxc6+ Ke7 14. Qc3 Rc8 15. Qa3+ Qd6 16. Qxd6+ Kxd6 17. Nf3 Rc2 18. b4 Rhc8 19. Rd1 Ra2 20. a5 bxa5 21. bxa5 Rcc2 22. Nd2 Rxa5 23. f3 Ke7 24. e4 Bxf1 25.
Rxf1 Raa2 26. Rf2 Nd7 27. e5 Nb6 28. Ne4 Rxf2 29. Nxf2 Nd5 30. Rb1 f5 31. Rb7+ Kf8 32. Nd3 Rxg2 33. Nc5 Nf4 34. h4 h6 35. Rxa7 Kg8 36. Nd7 Rh2 37. Ra8+ Kf7 38. Ra7 Kg8 39. Ra8+ Kf7 40. Ra7 Kg8 1/2-1/2

[Event "*** Titled Tuesday Blitz"]
[Site "Chess.com"]
[Date "2021.03.09"]
[Round "2"]
[White "dennisodessa"]
[Black "As0nchess"]
[Result "0-1"]
[WhiteElo "2341"]
[BlackElo "2657"]
[TimeControl "180+1"]
[EndTime "10:18:42 PST"]
[Termination "As0nchess won by resignation"]

1. d4 Nf6 2. c4 e6 3. Nc3 Bb4 4. Qc2 d5 5. a3 Bxc3+ 6. Qxc3 Ne4 7. Qc2 c5 8. dxc5 Nc6 9. e3 Qa5+ 10.
Bd2 Nxd2 11. Qxd2 dxc4 12. Rc1 Qxc5 13. Bxc4 Qg5 14. f4 Qh4+ 15. g3 Qe7 16. Nf3 O-O 17.
O-O Rd8 18. Qc3 Bd7 19. Rfd1 Rac8 20. b4 a6 21. Ba2 Na7 22. Qb2 Ba4 23. Rxd8+ Rxd8 24.
Ne5 Nc6 25. Nf3 Qd6 26. Kf2 h6 27. Qc3 Qd3 28. Bb1 Qd5 29. e4 Qd7 30. Re1 Na7 31.
Re3 Nb5 32. Qd3 Qc7 33. Qf1 Qb6 34. e5 Nxa3 35. Bd3 Bb5 36. Bxb5 Nxb5 37. Qc4 Rd5 38.
Ne1 Nd4 39. Nd3 Nf5 40. Qc8+ Rd8 41. Nc5 0-1

[Event "*** Titled Tuesday Blitz"]
[Site "Chess.com"]
[Date "2021.03.09"]
[Round "2"]
[White "Magila31"]
[Black "jerry_77"]
[Result "1/2-1/2"]
[WhiteElo "2225"]
[BlackElo "2446"]
[TimeControl "180+1"]
[EndTime "10:18:43 PST"]
[Termination "Game drawn by repetition"]

1. d4 Nf6 2. c4 e6 3. Nc3 d5 4.
cxd5 exd5 5. Bg5 c6 6. e3 Be6 7. Bd3 Be7 8. Nf3 Nbd7 9. O-O Rc8 10. h3 h6 11. Bf4 Nf8 12. Rb1 Ng6 13. Bh2 O-O 14. b4 a6 15. Na4 Bd6 16. Bxd6 Qxd6 17. Nc5 Rc7 18. a4 Nd7 19. a5 f5 20. Qc2 Ne7 21.
Nxd7 Bxd7 22. Ne5 Be6 23. f4 Kh7 24. Qc5 Qxc5 25. bxc5 Ng6 26. Rb2 Nxe5 27. fxe5 g6 28. Rbf2 Rcf7 29. g4 fxg4 30. hxg4 Rxf2 31. Rxf2 Rxf2 32.
Kxf2 Bxg4 33. Kg3 Be6 34. Kf4 Kg7 35. Kg3 h5 36. e4 Kh6 37. exd5 cxd5 38. c6 Bc8 39. cxb7 Bxb7 40. e6 Kg7 41. e7 Kf7 42.
Bxg6+ Kxe7 43. Bxh5 Bc6 44. Kf4 Kd6 45. Be2 Bb5 46. Bf3 Bc4 47. Bh5 Bd3 48. Bf7 Bc4 49. Be8 Bb5 50. Bf7 Bd7 51. Bg6 Bb5 52. Bf7 Bc4 53.
Be8 Ke6 54. Ba4 Kf6 55. Bc2 Ke6 56. Bf5+ Kd6 57. Bg6 Bb3 58. Be8 Bc2 59. Ke3 Bf5 60. Kd2 Bd7 61. Bxd7 Kxd7 62. Kc3 Kd6 63. Kb4 Kc6 64. Ka4 Kc7 65. Kb4 Kc6 66. Ka4 Kc7 67.
Kb4 Kc6 1/2-1/2

[Event "*** Titled Tuesday Blitz"]
[Site "Chess.com"]
[Date "2021.03.09"]
[Round "2"]
[White "Grieve72"]
[Black "fabianvivasz"]
[Result "1-0"]
[WhiteElo "2530"]
[BlackElo "2297"]
[TimeControl "180+1"]
[EndTime "10:18:44 PST"]
[Termination "Grieve72 won on time"]

1. e4 e5 2. Nf3 Nc6 3. Bc4 Nf6 4. d3 Bc5 5. O-O O-O 6. Nbd2 d6 7. a4 a5 8. c3 Kh8 9. h3 Ng8 10. Re1 f5 11. exf5 Bxf5 12. Ne4 Ba7 13. Bg5 Qe8 14. Ng3 Be6 15. Bxe6 Qxe6 16. d4 Qg6 17. Be3 e4 18. Nh4 Qf6 19. Qg4 d5 20. f3 exf3 21. Nxf3 Rae8 22. Bg5 Qg6 23. Nh4 Qc2 24. Ngf5 Re4 25.
Qh5 Nge7 26. Nxe7 Qf2+ 27. Kh2 1-0

[Event "*** Titled Tuesday Blitz"]
[Site "Chess.com"]
[Date "2021.03.09"]
[Round "2"]
[White "SanQui14"]
[Black "jraosam"]
[Result "1-0"]
[WhiteElo "2374"]
[BlackElo "1887"]
[TimeControl "180+1"]
[EndTime "10:18:44 PST"]
[Termination "SanQui14 won on time"]

1. d4 e5 2. dxe5 Nc6 3. Nf3 Qe7 4. Bf4 Qb4+ 5. Bd2 Qxb2 6. Nc3 Bb4 7. Rb1 Qa3 8. Nd5 Bxd2+ 9. Qxd2 Kd8 10. Qg5+ Nge7 11.
Nxe7 Nxe7 12. Qxg7 Rg8 13. Qxf7 b6 14. Qb3 Qa5+ 15. Qb4 Qxa2 16. e3 a5 17. Qb2 Qe6 18. Nd4 Qxe5 19. Bc4 Rg6 20. Ne6+ Rxe6 21. Bxe6 Qxe6 22.
Qh8+ Qg8 23. Qf6 Bb7 24. f3 d6 25. O-O Kd7 26. e4 Rf8 27. Qd4 Ng6 28. Rfd1 Nf4 29.
Qd2 Nh3+ 30. Kh1 Nf4 31. e5 Qg6 32. exd6 cxd6 33. Rxb6 Bc6 34. Ra6 Rf6 35. Rxa5 1-0

[Event "*** Titled Tuesday Blitz"]
[Site "Chess.com"]
[Date "2021.03.09"]
[Round "2"]
[White "StockholmMissile"]
[Black "Zhigalko_Sergei"]
[Result "0-1"]
[WhiteElo "2573"]
[BlackElo "2932"]
[TimeControl "180+1"]
[EndTime "10:18:46 PST"]
[Termination "Zhigalko_Sergei won by resignation"]

1. d4 Nf6 2. c4 e6 3. Nf3 b6 4. a3 Ba6 5. Qc2 Bb7 6. Nc3 c5 7.
e4 cxd4 8. Nxd4 Nc6 9. Nf3 Qc7 10.
Bd3 Ng4 11. b3 Bc5 12. Nd1 O-O 13. Bb2 Rac8 14. Qc3 f6 15. Qd2 Nce5 16. h3 Nxf3+ 17. gxf3 Ne5 18. Be2 d5 19. cxd5 exd5 20. exd5 Rfe8 21.
Ne3 Ng6 22. b4 Bd6 23. Rg1 Qd7 24. Bd4 Qxh3 25. Bb5 Re7 26. Bd3 Qxf3 27. Bxg6 hxg6 28.
Rxg6 Rce8 29. Qe2 Qe4 30. O-O-O Qxg6 0-1

[Event "*** Titled Tuesday Blitz"]
[Site "Chess.com"]
[Date "2021.03.09"]
[Round "2"]
[White "annacramling"]
[Black "Ghost_Pepper"]
[Result "0-1"]
[WhiteElo "2028"]
[BlackElo "2382"]
[TimeControl "180+1"]
[EndTime "10:18:46 PST"]
[Termination "Ghost_Pepper won by resignation"]

1. d4 Nf6 2. c4 g6 3. Nc3 d5 4.
cxd5 Nxd5 5. e4 Nxc3 6. bxc3 Bg7 7. Qa4+ Bd7 8. Qa3 O-O 9. Bg5 Re8 10. Nf3 b6 11.
Be2 c5 12. O-O cxd4 13. cxd4 Bc6 14. Qe3 Nd7 15. Rac1 Bb7 16. Rfd1 Rc8 17. Bb5 a6 18.
Rxc8 Qxc8 19. Rc1 Qd8 20. Bc6 Bxc6 21. Rxc6 Nb8 22. Rc2 Qd7 23. d5 e6 24. Rd2 exd5 25.
Rxd5 Qa4 26. h3 b5 27. e5 Qxa2 28. Rc5 Nd7 29. Rc7 Nxe5 30. Qf4 Nxf3+ 31. Qxf3 Be5 32.
Ra7 Qa1+ 0-1

[Event "*** Titled Tuesday Blitz"]
[Site "Chess.com"]
[Date "2021.03.09"]
[Round "2"]
[White "PotapovaM"]
[Black "ckgchess"]
[Result "0-1"]
[WhiteElo "2518"]
[BlackElo "2782"]
[TimeControl "180+1"]
[EndTime "10:18:47 PST"]
[Termination "ckgchess won by resignation"]

1. d4 Nf6 2. c4 e6 3. Nf3 d5 4.
Nc3 c6 5. Bg5 dxc4 6. e4 b5 7.
e5 h6 8. Bh4 g5 9. Nxg5 hxg5 10. Bxg5 Be7 11. exf6 Bxf6 12. Bxf6 Qxf6 13. g3 Na6 14.
Bg2 Bb7 15. Nxb5 O-O-O 16. Qa4 Kb8 17. Nc3 Rxd4 18. O-O Nc5 19. Qa3 Nd3 20. Ne4 Qh6 21. h4 f5 22. Ng5 Qf6 23. Nf3 Rg4 24. b3 e5 25. bxc4 e4 26. Ne1 Nf4 27. gxf4 Qxa1 28. Nf3 Rxg2+ 29. Kxg2 exf3+ 30. Qxf3 Rg8+ 0-1

[Event "*** Titled Tuesday Blitz"]
[Site "Chess.com"]
[Date "2021.03.09"]
[Round "2"]
[White "jposthuma"]
[Black "kobemagic"]
[Result "1-0"]
[WhiteElo "2659"]
[BlackElo "2430"]
[TimeControl "180+1"]
[EndTime "10:18:47 PST"]
[Termination "jposthuma won by resignation"]

1. d4 Nf6 2. c4 c5 3. Nf3 cxd4 4. Nxd4 Nc6 5. Nc3 g6 6. g3 Nxd4 7. Qxd4 Bg7 8. Bg2 O-O 9. O-O d6 10. Qh4 a6 11. Bg5 Rb8 12. Rfd1 Qa5 13. Nd5 Nxd5 14.
Rxd5 Qb4 15. Bxe7 Qxb2 16. Rad1 Re8 17. R5d2 Qc3 18. Bxd6 Ra8 19. Bc5 Rb8 20. Ba7 Ra8 21. Bb6 Be6 22. c5 Bc4 23. Bxb7 Bxe2 24. Rxe2 Rxe2 25.
Bxa8 Bf6 26. Qg4 Re1+ 27. Rxe1 Qxe1+ 28. Kg2 Qd2 29. Qf3 Bd4 30. Bd5 Bxf2 31. Qxf7+ 1-0

[Event "*** Titled Tuesday Blitz"]
[Site "Chess.com"]
[Date "2021.03.09"]
[Round "2"]
[White "kuba2006"]
[Black "Skatchkov_V"]
[Result "0-1"]
[WhiteElo "2335"]
[BlackElo "2628"]
[TimeControl "180+1"]
[EndTime "10:18:47 PST"]
[Termination "Skatchkov_V won by resignation"]

1. b3 Nf6 2. Bb2 e6 3. e3 d5 4.
Nf3 c5 5. Bb5+ Bd7 6. Qe2 Nc6 7. O-O Qc7 8. Bxc6 Bxc6 9. Ne5 Bd6 10. f4 h6 11. d3 Be7 12. Nd2 Rd8 13. Ndf3 Bb5 14.
c4 Ba6 15. e4 dxe4 16. dxe4 b6 17. Rad1 O-O 18. f5 exf5 19. exf5 Bd6 20. Nd3 Bb7 21. Bxf6 gxf6 22. Qe3 Kh7 23. Qf2 Rg8 24. Qh4 Rde8 25. Rde1 Rxe1 26. Ndxe1 Be5 27. Qh5 Rg7 28. Kh1 Qd6 29. Qh4 Qd1 30. Rg1 Bd4 31. Nxd4 cxd4 32. Nf3 Qe2 33. Qh3 Rxg2 34. Qxg2 Bxf3 35. Qxf3 Qxf3+ 36.
Rg2 d3 0-1

[Event "*** Titled Tuesday Blitz"]
[Site "Chess.com"]
[Date "2021.03.09"]
[Round "2"]
[White "ljuks68"]
[Black "AungTZ"]
[Result "1-0"]
[WhiteElo "2440"]
[BlackElo "2197"]
[TimeControl "180+1"]
[EndTime "10:18:47 PST"]
[Termination "ljuks68 won on time"]

1. e4 c5 2. Nf3 Nc6 3. d4 cxd4 4.
Nxd4 Nf6 5. Nc3 d6 6. Bc4 Qb6 7. Nb3 e6 8. Bg5 Be7 9. Bxf6 gxf6 10. Qh5 O-O 11. Rf1 Kh8 12. O-O-O Ne5 13. Be2 Rg8 14. f4 Qe3+ 15. Kb1 Ng6 16. Rf3 Qb6 17. Bd3 Rg7 18. h4 Bd7 19. Qh6 Rag8 20. h5 Nf8 21. f5 Rxg2 22. e5 dxe5 23. fxe6 Bxe6 24. Ne4 f5 25. Nf6 Bxb3 26. Nxg8 Qxh6 27. Nxh6 Bxa2+ 28. Kxa2 e4 29. Rxf5 exd3 30. Rxd3 f6 31. Re3 Kg7 32. Rxe7+ Kxh6 33. Rxf6+ Kxh5 34. Rxf8 1-0

[Event "*** Titled Tuesday Blitz"]
[Site "Chess.com"]
[Date "2021.03.09"]
[Round "2"]
[White "Tactictic"]
[Black "starplatinum2030"]
[Result "1-0"]
[WhiteElo "2420"]
[BlackElo "2175"]
[TimeControl "180+1"]
[EndTime "10:18:47 PST"]
[Termination "Tactictic won by resignation"]

1. e4 c5 2. Nf3 e6 3. d4 cxd4 4. Nxd4 Nc6 5. Nc3 Qc7 6. Qd3 a6 7. Nxc6 dxc6 8. Qg3 Qxg3 9. hxg3 e5 10. a4 Nf6 11.
Bc4 Bb4 12. f3 Ke7 13. Bd2 Be6 14. Bxe6 Kxe6 15. g4 h6 16. Ke2 Rhd8 17. Rad1 Ng8 18. Nb1 Bxd2 19. Nxd2 Ne7 20. Nb3 Kf6 21. Nc5 Rab8 22. Nd7+ Ke6 23. Nxb8 Rxb8 24. Rd3 Ng6 25. g3 Nf8 26. Rhd1 Ke7 27. a5 Rc8 28. b4 f6 29. Ke3 Rc7 30. Rd8 Ne6 31. Rb8 Nd4 32. c3 Ne6 33. f4 exf4+ 34. gxf4 c5 35. f5 Ng5 36. Rdd8 cxb4 37. cxb4 Rc3+ 38. Kd4 Rc1 39. Re8+ Kd7 40. Rbd8+ Kc7 41. Rc8+ Kd7 42. Rxc1 Kxe8 43.
Rc7 1-0

[Event "*** Titled Tuesday Blitz"]
[Site "Chess.com"]
[Date "2021.03.09"]
[Round "2"]
[White "ShahMatKanal"]
[Black "kayrakamer"]
[Result "0-1"]
[WhiteElo "2486"]
[BlackElo "2697"]
[TimeControl "180+1"]
[EndTime "10:18:48 PST"]
[Termination "kayrakamer won by resignation"]

1. d4 Nf6 2. Nf3 g6 3. c4 Bg7 4. Nc3 O-O 5. e4 d6 6. Be2 Bg4 7.
Be3 Nfd7 8. Ng1 Bxe2 9. Ngxe2 c5 10. O-O Nc6 11. Qd2 cxd4 12. Nxd4 Nde5 13. b3 Rc8 14. Rac1 Ng4 15. Nxc6 bxc6 16. Bd4 e5 17. Be3 Qh4 18. h3 Nxe3 19. fxe3 Rcd8 20. Rf3 f5 21. exf5 gxf5 22. Rcf1 Qg5 23. Ne2 d5 24. cxd5 cxd5 25. Kh2 d4 26.
Rg3 Qh6 27. Qb2 d3 28. Ng1 Kh8 29. Nf3 e4 30. Nd4 Qd6 31. Rf4 Bxd4 32. exd4 Qxd4 33. Qa3 Rg8 34. Rxf5 Rxg3 35. Qe7 Rxg2+ 36. Kxg2 Rg8+ 37.
Rg5 Rxg5+ 38. Qxg5 Qg7 39. h4 Qxg5+ 40. hxg5 d2 0-1

[Event "*** Titled Tuesday Blitz"]
[Site "Chess.com"]
[Date "2021.03.09"]
[Round "2"]
[White "03revilo"]
[Black "SanchezKelvin"]
[Result "0-1"]
[WhiteElo "2318"]
[BlackElo "2607"]
[TimeControl "180+1"]
[EndTime "10:18:48 PST"]
[Termination "SanchezKelvin won on time"]

1. c4 c5 2. Nf3 g6 3. e4 Nc6 4. d4 cxd4 5. Nxd4 Bg7 6. Be3 Nf6 7. Nc3 O-O 8. f3 d6 9. Qd2 Nxd4 10. Bxd4 Be6 11. Nd5 Bxd5 12. exd5 Nd7 13. Be2 Bxd4 14. Qxd4 Qb6 15. Qxb6 Nxb6 16. Kd2 Rfc8 17. Rac1 a5 18. h4 h6 19. f4 h5 20. f5 Kg7 21. Rhf1 Nd7 22. fxg6 fxg6 23. Rf4 Rf8 24. Rcf1 Rxf4 25. Rxf4 Ne5 26. c5 Rc8 27. cxd6 exd6 28. b4 b6 29. Ba6 Ra8 30. Bb7 Ra7 31. Bc6 axb4 32. Rxb4 Rxa2+ 33. Kc3 Rxg2 34. Rxb6 Rg3+ 35. Kb4 Rg4+ 36.
Kb5 Rxh4 37. Bb7 Nf7 38. Bc8 Rf4 0-1

[Event "*** Titled Tuesday Blitz"]
[Site "Chess.com"]
[Date "2021.03.09"]
[Round "2"]
[White "Atco84"]
[Black "NikolaGry"]
[Result "0-1"]
[WhiteElo "2436"]
[BlackElo "2663"]
[TimeControl "180+1"]
[EndTime "10:18:49 PST"]
[Termination "NikolaGry won by resignation"]

1. b3 d5 2. Bb2 c6 3. Nf3 Bf5 4. g3 e6 5. Bg2 h6 6. O-O Nf6 7. c4 Be7 8. d3 O-O 9. Nc3 a5 10. Qc2 Bh7 11. Rac1 Na6 12. Rfd1 Qb8 13. Qb1 Rd8 14.
h3 Qa7 15. Qa1 Bc5 16. d4 Be7 17. e3 Nb8 18. c5 Nbd7 19. Na4 Rdc8 20. Nd2 b6 21.
cxb6 Nxb6 22. Nc5 a4 23. e4 dxe4 24. Ndxe4 Nxe4 25. Bxe4 Bxe4 26. Nxe4 axb3 27. axb3 Qd7 28. Qb1 Qd5 29. Qd3 Nd7 30. Rc4 Rab8 31. Rdc1 Ne5 32. Qe3 Nxc4 33. bxc4 Qf5 34. g4 Qg6 35. Bc3 Rb3 36.
Rd1 Bb4 37. Rd3 Bxc3 38. Rxc3 Rxc3 39. Nxc3 Qc2 40. Kg2 Rd8 41. Ne4 Qxc4 0-1

[Event "*** Titled Tuesday Blitz"]
[Site "Chess.com"]
[Date "2021.03.09"]
[Round "2"]
[White "chessprincesa1"]
[Black "davidkalashian"]
[Result "0-1"]
[WhiteElo "2251"]
[BlackElo "2608"]
[TimeControl "180+1"]
[EndTime "10:18:49 PST"]
[Termination "davidkalashian won by resignation"]

1. d4 Nf6 2. c4 e6 3. Nc3 Bb4 4. a3 Bxc3+ 5. bxc3 O-O 6. f3 c5 7. e4 Nc6 8. Bd3 b6 9. e5 Ne8 10. f4 Ba6 11. Nf3 f5 12. exf6 Nxf6 13. O-O Na5 14. f5 exf5 15. Bxf5 Bxc4 16. Re1 Re8 17. Ne5 Be6 18. Bc2 d6 19. Nf3 Bd5 20. Bg5 Rxe1+ 21. Qxe1 Qe8 22. Qh4 Qf7 23. Rf1 h6 24. Bxh6 gxh6 25.
Qxh6 Qg7 26. Qf4 Nc4 27. Ng5 Rf8 28. dxc5 bxc5 29. Bb3 Ne5 30. Bxd5+ Nxd5 31. Qxf8+ Qxf8 32. Rxf8+ Kxf8 33. Ne4 Ke7 34. c4 Nxc4 0-1

[Event "*** Titled Tuesday Blitz"]
[Site "Chess.com"]
[Date "2021.03.09"]
[Round "2"]
[White "DrMamaliga"]
[Black "Faqade"]
[Result "0-1"]
[WhiteElo "2351"]
[BlackElo "2634"]
[TimeControl "180+1"]
[EndTime "10:18:50 PST"]
[Termination "Faqade won by resignation"]

1. c4 Nf6 2. Nf3 g6 3. b4 Bg7 4.
Bb2 O-O 5. g3 d6 6. Bg2 a5 7. b5 e5 8. d3 Re8 9. e4 Nbd7 10. O-O Nc5 11. Nc3 Bg4 12. h3 Bxf3 13. Qxf3 Ne6 14. Ne2 Nd7 15. Qe3 c6 16. Rab1 Ndc5 17. bxc6 bxc6 18. f4 exf4 19. Nxf4 Nxf4 20. Qxf4 Qe7 21. Bxg7 Kxg7 22. Qf3 Ne6 23. e5 dxe5 24. Qxc6 Rac8 25. Qa4 Qa7+ 26. Kh2 Rb8 27. Bd5 Rxb1 28. Rxb1 Qf2+ 29. Kh1 Nc7 30. Bg2 Qxg3 31. Qd7 e4 32. Rf1 Rf8 33. Bxe4 Ne6 34. Bg2 Kg8 35. Qb7 Qxd3 36.
Bd5 Qxf1+ 0-1

[Event "*** Titled Tuesday Blitz"]
[Site "Chess.com"]
[Date "2021.03.09"]
[Round "2"]
[White "lupta_robin"]
[Black "lachesisQ"]
[Result "0-1"]
[WhiteElo "2590"]
[BlackElo "3083"]
[TimeControl "180+1"]
[EndTime "10:18:51 PST"]
[Termination "lachesisQ won by resignation"]

1. d4 Nf6 2. c4 e6 3. Nc3 d5 4.
cxd5 exd5 5. Bg5 Bb4 6. Nf3 h6 7. Bxf6 Qxf6 8. a3 Bxc3+ 9. bxc3 O-O 10. e3 Nc6 11. Be2 Bf5 12. O-O Rfe8 13. c4 dxc4 14. Bxc4 Rad8 15. Rc1 Be4 16. Nd2 Bg6 17. Bb5 Re6 18.
d5 Rxd5 19. Bc4 Red6 20. Bxd5 Rxd5 21. e4 Rd3 22. Qc2 Rxa3 23. Rfe1 Qg5 24. Qc5 Rd3 25.
Qxg5 hxg5 26. Nc4 a5 27. f3 f6 28. Ne3 Bf7 29. Kf2 a4 30. Red1 Rxd1 31. Rxd1 a3 32.
Nd5 a2 33. Ra1 Bxd5 34. exd5 Nb4 35. Ke2 Nxd5 36. Kd3 b6 37. Kc4 Ne3+ 38. Kb5 Nxg2 39. Rxa2 Nh4 40. Rf2 Kf7 41. Kc6 Ke6 42. f4 g4 43.
Kxc7 Kf5 44. Kxb6 Nf3 45. Kc5 Kxf4 46. Kd5 f5 47. Ke6 g5 48. Kf6 Ke3 49. Ra2 f4 50.
Kf5 Nxh2 51. Rxh2 g3 52. Ra2 f3 53. Kg4 g2 54. Ra3+ Kd4 55. Ra4+ Kc5 56. Ra5+ Kb6 57. Ra1 f2 58. Rb1+ Kc5 59. Rc1+ Kd4 60. Rd1+ Ke3 0-1